 Dungeon Crawl Stone Soup version 0.30-a0-738-g116ff8c4af (webtiles) character file.

Game seed: 2463514908312186533

901 retardedninja the Cudgeller (level 8, -5/50 HPs)
             Began as a Gargoyle Fighter on Feb 3, 2023.
             Was an Initiate of Gozag.
             Slain by Edmund
             ... wielding a +4 dire flail of holy wrath
              (16 damage)
             ... on level 5 of the Dungeon.
             The game lasted 00:06:33 (4303 turns).

retardedninja the Cudgeller (Gargoyle Fighter)      Turns: 4303, Time: 00:06:33

Health: -5/50      AC: 19    Str: 19 (22) XL:     8   Next: 7%
Magic:  8/8        EV:  5    Int:  6 (9)  God:    Gozag
Gold:   266        SH:  4    Dex:  7 (9)  Spells: 7/7 levels left

rFire   . . .      SeeInvis .    a - +0 flail
rCold   . . .      Faith    .    c - +0 buckler
rNeg    + . .      Spirit   .    r - +0 plate armour
rPois   ∞          Reflect  .    v - +0 helmet
rElec   +          Harm     .    (no cloak)
rCorr   .          Rampage  .    (no gloves)
Will    .....                    (no boots) Stlth
                                 (no amulet)
HPRegen 0.28/turn                (no ring)
MPRegen 0.11/turn                (no ring)

@: no status effects
A: sickness immunity, AC +5, negative energy resistance 1, electricity
resistance, torment resistance 1, petrification resistance
a: Renounce Religion, Potion Petition, Call Merchant, Bribe Branch


You were on level 5 of the Dungeon.
You worshipped Gozag.
Gozag was aware of your devotion.
You visited 1 branch of the dungeon, and saw 5 of its levels.

You collected 385 gold pieces.
You paid 119 gold pieces to Gozag.

Inventory:

Hand Weapons
 a - a +0 flail (weapon)
Armour
 c - a +0 buckler (worn)
 r - a +0 plate armour (worn)
 v - a +0 helmet (worn)
Jewellery
 m - a +6 ring of intelligence
 w - a ring of willpower
Wands
 l - a wand of charming (2)
Scrolls
 b - a scroll of fog {unknown}
 e - 2 scrolls of immolation {unknown}
 f - a scroll of noise {unknown}
 g - 3 scrolls of enchant armour {unknown}
 j - 2 scrolls of teleportation {unknown}
 o - 2 scrolls of silence {unknown}
 p - 4 scrolls of identify {unknown}
 q - a scroll of vulnerability {unknown}
 s - a scroll of poison {unknown}
 u - a scroll of magic mapping {unknown}
Potions
 d - a potion of brilliance
 h - a potion of degeneration
 i - a potion of magic {unknown}
 k - a potion of heal wounds {unknown}
 n - a potion of resistance {unknown}
 t - a potion of curing {unknown}
 x - a potion of berserk rage {unknown}


   Skills:
 + Level 5.5 Fighting
 * Level 5.8 Maces & Flails
 + Level 5.5 Armour
 + Level 5.4 Shields


You had 7 spell levels left.
You didn't know any spells.
Your spell library contained the following spells:

 Spells                   Type           Power      Damage    Failure   Level
 Apportation              Tloc           0%         N/A       100%        1
 Necrotise                Necr           0%         1d4       100%        1
 Summon Small Mammal      Summ           0%         N/A       100%        1


Dungeon Overview and Level Annotations

Branches:
Dungeon (5/15)
 Temple: D:4-7

Altars:
Fedhas
Gozag
Hepliaklqana
Makhleb
Okawaru
Qazlal

Shops:
D:3 *

Annotations:
D:3 3 runed translucent doors, superbruh's ghost, amateur MiFi
D:5 Edmund


Innate Abilities, Weirdness & Mutations

You are immune to sickness and miasma.
Your stone body is resilient. (AC +5)
You are immune to poison.
You resist negative energy. (rN+)
You are resistant to electric shocks. (rElec)
You are resistant to unholy torment.
You are immune to petrification.


Message History

Edmund is heavily wounded.
Edmund hits you with a +4 dire flail of holy wrath.
You sock Edmund!
Edmund is severely wounded.
Edmund says, "I might not be good at magic, but I can still kill you!"
Edmund hits you with a +4 dire flail of holy wrath.
You block Edmund's attack.
You hit Edmund.
Edmund is almost dead.
Edmund hits you but does no damage.
You closely miss Edmund.
Edmund is almost dead.
Edmund hits you with a +4 dire flail of holy wrath!
* * * LOW HITPOINT WARNING * * *
You hit Edmund but do no damage.
Edmund is almost dead.
Edmund barely misses you.
You barely miss Edmund.
Edmund is almost dead.
Edmund hits you but does no damage.
Okay, then.
You hit Edmund but do no damage.
Edmund is almost dead.
Edmund hits you but does no damage.
You barely miss Edmund.
Edmund is almost dead.
Edmund barely misses you.
You closely miss Edmund.
Edmund is almost dead.
Edmund hits you but does no damage.
Edmund hits you with a +4 dire flail of holy wrath.
* * * LOW HITPOINT WARNING * * *
You hit Edmund.
Edmund is almost dead.
Edmund hits you but does no damage.
You closely miss Edmund.
Edmund is almost dead.
Edmund hits you with a +4 dire flail of holy wrath!
You die...
Your body crumbles into a pile of gold.

......... ... .........
.. ........ ##..
#......# .?..# #.#....#
#.... #.#....# ### #.#.#
#.#....# ..
#.#.######.##.#.# #.
#@#....<........#
#.##.##@#..#####.##.###
#.......#..#####.##.####
####..$....##....##.....
#######.##.#.........
#####....[..#######
#........#####.....
#.#####..# #.####
####..#


You could see Edmund.

Vanquished Creatures
  Duvessa (D:4)
  A bullfrog (D:4)
  A necrophage (D:4)
  A scorpion (D:4)
  Dowan (D:4)
  2 jellies (D:4)
  A hound (D:4)
  A gnoll bouda (D:4)
  An iguana (D:4)
  3 orc wizards (D:3)
  Natasha (thrice) (D:4)
  Robin (D:4)
  A gnoll (D:4)
  5 adders
  2 worms
  4 dart slugs
  7 orcs
  9 ball pythons
  8 endoplasms
  2 giant cockroaches
  13 goblins
  8 hobgoblins
  7 jackals
  7 kobolds
  7 bats
  2 frilled lizards (D:2)
  4 rats
103 creatures vanquished.

Vanquished Creatures (collateral kills)
  A phantom (D:5)
  2 gnolls (D:4)
3 creatures vanquished.

Vanquished Creatures (others)
  A plant (D:4)
1 creature vanquished.

Grand Total: 107 creatures vanquished

Notes
Turn   | Place    | Note
-------+----------+-------------------------------------------
     0 | D:1      | retardedninja the Gargoyle Fighter began the quest for the
                  | Orb.
     0 | D:1      | Reached XP level 1. HP: 14/14 MP: 1/1
   191 | D:1      | Reached XP level 2. HP: 18/19 MP: 2/2
   989 | D:2      | Reached XP level 3. HP: 23/23 MP: 3/3
  1042 | D:2      | Found a faded altar of an unknown god.
  1671 | D:3      | Reached XP level 4. HP: 25/29 MP: 4/4
  1811 | D:3      | Found a runed translucent gate.
  1811 | D:3      | Found a runed translucent gate.
  1812 | D:3      | Found a runed translucent gate.
  1816 | D:3      | Noticed superbruh's ghost (amateur MiFi)
  1845 | D:3      | Found Done's Assorted Antiques.
  2227 | D:4      | Noticed a necrophage
  2237 | D:4      | Killed a necrophage
  2238 | D:4      | Reached XP level 5. HP: 32/33 MP: 5/5
  2347 | D:4      | Reached XP level 6. HP: 30/39 MP: 6/6
  2526 | D:4      | Noticed Natasha
  2542 | D:4      | Killed Natasha
  2636 | D:4      | Noticed Natasha
  2637 | D:4      | Reached XP level 7. HP: 24/44 MP: 7/7
  2647 | D:4      | Killed Natasha
  2825 | D:4      | Noticed Robin
  2854 | D:4      | Killed Robin
  3052 | D:3      | Reached skill level 5 in Maces & Flails
  3063 | D:3      | Reached skill level 5 in Armour
  3096 | D:3      | Reached skill level 5 in Fighting
  3177 | D:4      | Found a hazy altar of Hepliaklqana.
  3177 | D:4      | Noticed Duvessa
  3177 | D:4      | Noticed Dowan
  3206 | D:4      | Killed Duvessa
  3207 | D:4      | Reached skill level 5 in Shields
  3248 | D:4      | Killed Dowan
  3643 | D:4      | Noticed Natasha
  3651 | D:4      | Killed Natasha
  3686 | D:4      | Found a blossoming altar of Fedhas.
  4116 | D:4      | Found an opulent altar of Gozag.
  4116 | D:4      | Found a stormy altar of Qazlal.
  4118 | D:4      | Found a burning altar of Makhleb.
  4118 | D:4      | Found an iron altar of Okawaru.
  4128 | D:4      | Became a worshipper of Gozag Ym Sagoz the Greedy
  4150 | D:5      | Entered Level 5 of the Dungeon
  4260 | D:5      | Noticed Edmund
  4282 | D:5      | Reached XP level 8. HP: 31/50 MP: 8/8
  4303 | D:5      | Slain by Edmund

Illustrated notes

Levels and vault maps discovered:
D:1:      dpeg_arrival_fog, layout_basic, corexii_item_surrounded_by_moat,
          minmay_liquid_box
D:2:      layout_rooms, hellmonk_ecumenical_altar_pennies_from_heaven,
          grunt_decor_cap
D:3:      layout_loops_ring, gammafunk_ghost_split, serial_shops,
          nicolae_shop_competitors_out_of_business
D:4:      layout_rooms, mainiacjoe_overflow_alcove_3,
          nicolae_overflow_crystal_walls, mainiacjoe_overflow_paths,
          minmay_ruptured, uniq_natasha, uniq_robin, uniq_duvessa
D:5:      layout_loops_cross, mainiacjoe_overflow_small_starburst, uniq_edmund,
          uniq_grinder

Skill      XL: |  1  2  3  4  5  6  7 |
---------------+----------------------+-----
Maces & Flails | 3 4 5 |  5.8
Armour         | 4 5 |  5.5
Fighting       | 4 5 |  5.5
Shields        | 4 5 |  5.4

Action                     |  1- 3 |  4- 6 |  7- 9 || total
---------------------------+-------+-------+-------++-------
  Melee: Flail             |   128 |   132 |   206 ||   466
  Evoke: Wand              |       |       |     4 ||     4
    Use: Potion            |       |     1 |     3 ||     4
 Armour: Scale mail        |    66 |       |       ||    66
         Plate armour      |    14 |   133 |   158 ||   305
  Dodge: Dodged            |    81 |    43 |    47 ||   171
  Block: Buckler           |    34 |    37 |    38 ||   109

Table legend: (Time is in decaauts)
 A = Elapsed time spent in this place.
 B = Non-inter-level travel time spent in this place.
 C = Inter-level travel time spent in this place.
 D = Time resting spent in this place.
 E = Time spent auto-exploring this place.
 F = Levels seen in this place.
 G = Mean time per level.
                   A        B        C        D        E       F      G
               +--------+--------+--------+--------+--------+-----+--------+
         Total |   4420 |   4326 |     94 |    979 |   2265 |   5 |  884.0 |
       Dungeon |   4420 |   4326 |     94 |    979 |   2265 |   5 |  884.0 |
               +--------+--------+--------+--------+--------+-----+--------+

Top non-repeatable levels by time:
     D:4: 1869 daAuts
     D:1: 997 daAuts
     D:3: 872 daAuts
     D:2: 523 daAuts
     D:5: 158 daAuts
